 Dungeon Crawl Stone Soup version 0.20.1-1-g8b1a95d (webtiles) character file.

56 Jazqa the Scratcher (level 3, 0/15 HPs)
             Began as a Felid Transmuter on Oct 30, 2017.
             Succumbed to an adder's poison
             ... on level 2 of the Dungeon.
             The game lasted 00:02:42 (1185 turns).

Jazqa the Scratcher (Felid Transmuter)              Turns: 1185, Time: 00:02:43

Health: 0/15       AC:  1    Str: 11    XL:     3   Next: 71%
Magic:  7/7        EV: 18    Int: 19    God:
Gold:   90         SH:  0    Dex: 17    Spells: 0/6 levels left
                                        Lives:  0   Deaths: 0

rFire    . . .     SeeInvis +     - Unarmed
rCold    . . .     Gourm    .   (shield unavailable)
rNeg     + . .     Faith    .   (armour unavailable)
rPois    +         Spirit   .   (helmet unavailable)
rElec    .         Reflect  .   (cloak unavailable)
rCorr    .         Harm     .   (gloves unavailable)
MR       .....                  (boots unavailable)
Stlth    ++........             (no amulet)
Regen    0.1/turn               N - ring of positive energy
MPRegen  0.1/turn               P - ring of poison resistance

@: mighty, brilliant, lethally poisoned (0 -> -3), flying, quick
A: no armour, no weapons or thrown items, stealth, claws 1, fangs 3, see
invisible, carnivore 3, speed 1, shaggy fur 1, slow metabolism 1, wild magic 1,
sharp paws
a: no special abilities


You were on level 2 of the Dungeon.
You were completely stuffed.

You visited 1 branch of the dungeon, and saw 2 of its levels.

You collected 90 gold pieces.


Innate Abilities, Weirdness & Mutations

You cannot wear armour.
You are incapable of wielding weapons or throwing items.
Your paws allow you to move quietly. (Stealth)
You have sharp claws.
You have razor-sharp teeth.
You have supernaturally acute eyesight. (SInv)
You are carnivorous and can eat meat at any time.
You cover ground quickly.
You are covered in fur. (AC +1)
You have a slow metabolism.
Your sharp claws are effective at attacking unaware monsters.
Your spells are a little harder to cast, but a little more powerful.


   Skills:
 + Level 1.6 Fighting
 + Level 3.2 Dodging
 + Level 1.1 Stealth
 + Level 3.3 Unarmed Combat
 + Level 2.3 Spellcasting
 + Level 2.9 Transmutations


You couldn't memorise any spells.
You knew the following spells:

 Your Spells              Type           Power        Failure   Level  Hunger
p - Spider Form           Tmut/Pois      ###.......   4%          3    ###....
t - Sticks to Snakes      Tmut           ####....     1%          2    ##.....
z - Beastly Appendage     Tmut           ####..       1%          1    #......

Inventory:

Missiles
 a - 57 arrows
Jewellery
 N - a ring of positive energy (left paw)
 P - a ring of poison resistance (right paw)
Scrolls
 d - a scroll of enchant weapon {unknown}
 f - 3 scrolls of magic mapping {unknown}
 j - 2 scrolls of teleportation {unknown}
 l - a scroll of remove curse {unknown}
 n - a scroll of fog {unknown}
Potions
 e - 2 potions of magic
 g - 2 potions of might
 h - a potion of brilliance
 k - a potion of mutation {!q}
Books
 b - a book of Changes

   Spells                             Type                      Level
   a - Beastly Appendage              Transmutation                1
   b - Sticks to Snakes               Transmutation                2
   c - Spider Form                    Transmutation/Poison         3
   d - Ice Form                       Ice/Transmutation            4
   e - Blade Hands                    Transmutation                5
Comestibles
 c - a meat ration {@e1}
 i - 2 chunks of flesh

Dungeon Overview and Level Annotations

Branches:
Dungeon (2/15)

Altars:

Annotations:
D:2 Sigmund

.#..#..#..#.....#
.%.###....#)....##
#.## ##...#####..#
.. ....# ##.# .#
..#..# #.## #░
░#.# #..#
.#######.#
#.%....##.#
#....@....#
#.........#
............#
[..........#$#
..........#.#.#
#......####...#
#..$...# #.. ##+##
..#


There were no monsters in sight!


Message History

* * * LOW HITPOINT WARNING * * *
You feel sick. The adder closely misses you.
Unknown command.
You scratch the adder.
You kill the adder!
You see here an adder corpse.
Unknown command.
You butcher the adder corpse.
You see here 2 chunks of flesh.
* * * LOW HITPOINT WARNING * * *
You feel sick.
It was a potion of might.
You feel very mighty all of a sudden.
It was a potion of mutation.
You feel extremely strange.
You feel less in control of your magic.
It was a potion of magic.
Magic courses through your body.
Okay, then.
There is a lethal amount of poison in your body!
It was a potion of brilliance.
You feel clever all of a sudden.
Your horns disappear.
* * * LOW HITPOINT WARNING * * *
You feel sick.
It was a potion of flight.
You feel very buoyant.
You fly up into the air.
There is a lethal amount of poison in your body!
You see here 2 chunks of flesh.
There is a lethal amount of poison in your body!
There is a lethal amount of poison in your body!
You die...

Skill      XL: |  1  2  3 |
---------------+----------+-----
Dodging        | 3 |  3.2
Stealth        | 1 |  1.1
Fighting       | |  1.6
Unarmed Combat | |  3.3
Spellcasting   | |  2.3
Transmutations | |  2.9

Action                   || total
-------------------------++-------
Melee: Unarmed           ||   110
       Headbutt          ||     9
       Bite              ||    10
 Cast: Beastly Appendage ||     9
  Use: Potion            ||     5
  Eat: Chunk             ||     8
Armor: Skin              ||     5
Dodge: Dodged            ||   103

Vault maps used:
D:1:      scummos_arrival_star, st_stairs_1
D:2:      minmay_strange_pillars, nicolae_ru_the_path_less_chosen, uniq_sigmund

Notes
Turn   | Place    | Note
-------+----------+-------------------------------------------
     0 | D:1      | Jazqa the Felid Transmuter began the quest for the Orb.
     0 | D:1      | Reached XP level 1. HP: 9/9 MP: 4/4
    85 | D:1      | Reached skill level 3 in Dodging
    97 | D:1      | Reached XP level 2. HP: 6/12 MP: 4/6
   405 | D:1      | Learned a level 2 spell: Sticks to Snakes
   756 | D:1      | Reached XP level 3. HP: 15/15 MP: 5/7
   952 | D:1      | Learned a level 3 spell: Spider Form
  1057 | D:2      | Noticed Sigmund
  1151 | D:2      | Reached skill level 1 in Stealth
  1176 | D:2      | HP: 1/15 [poisoned by an adder]
  1178 | D:2      | Gained mutation: Your spells are a little harder to cast, but a little more powerful. [potion of mutation]
  1185 | D:2      | Succumbed to an adder's poison

Vanquished Creatures
  An adder (D:2)
  2 worms
  2 dart slugs (D:1)
  2 leopard geckos
  A giant cockroach (D:1)
  3 goblins (D:1)
  6 hobgoblins (D:1)
  2 jackals (D:1)
  4 kobolds
  5 bats (D:1)
  3 frilled lizards (D:1)
  4 rats (D:1)
35 creatures vanquished.
